 Dungeon Crawl Stone Soup version bcrawl-1.27.3 (webtiles) character file.

Game seed: 5211532039527908484

107475 hurricos the Cudgeler (level 4, -3/26 HPs)
             Began as a Skeleton Skald on Oct 10, 2020.
             Killed from afar by an orc wizard (4 damage)
             ... with a magic dart
             ... on level 2 of the Dungeon.
             The game lasted 00:03:02 (2614 turns).

hurricos the Cudgeler (Skeleton Skald)              Turns: 2614, Time: 00:03:03

Health: -3/26      AC:  5    Str: 13 (18) XL:     4   Next: 37%
Magic:  0/8        EV: 12    Int: 11      God:
Gold:   93         SH:  2    Dex:  9      Spells: 3/9 levels left

rFire    . . .     SeeInvis +   a - +0 mace
rCold    + . .     Gourm    .   (no shield)
rNeg     + + +     Faith    .   b - +0 leather armour
rPois    ∞         Spirit   +   e - +0 helmet
rElec    .         Reflect  .   (no cloak)
rCorr    .         Harm     .   g - +0 pair of gloves
MR       .....                  (no boots)
Stlth    +.........             (no amulet)
HPRegen  0.08/turn              h - ring of see invisible
MPRegen  0.11/turn              (no ring)

@: singing
A: no food or potions, cold resistance 1, deterioration 1, negative energy
resistance 3, torment resistance, unbreathing, magic shield, sturdy frame 1,
spell healing
a: no special abilities


You were on level 2 of the Dungeon.
You were not hungry.

You visited 1 branch of the dungeon, and saw 3 of its levels.

You collected 93 gold pieces.

Inventory:

Hand Weapons
 a - a +0 mace (weapon)
 i - a +0 dagger of protection
Armour
 b - a +0 leather armour (worn)
 e - a +0 helmet (worn)
 g - a +0 pair of gloves (worn)
Jewellery
 h - a ring of see invisible (left hand)
 l - the ring "Sesiador" {Ice MR- Dex+4}
   (You found it on level 3 of the Dungeon)

   [ring of ice]

   It enhances your ice magic.
   It affects your dexterity (+4).
   It makes you vulnerable to fire.
   It protects you from cold.
   It affects your resistance to hostile enchantments.
Scrolls
 c - a scroll of teleportation
 d - a scroll of fear
 f - a scroll of amnesia {unknown}
 j - a scroll of enchant weapon {unknown}
 k - 2 scrolls of identify


   Skills:
 - Level 2.0 Fighting
 - Level 0.4 Short Blades
 + Level 5.6 Maces & Flails
 - Level 1.1 Armour
 - Level 2.0 Dodging
 - Level 3.0 Spellcasting
 - Level 3.2 Charms


You had 3 spell levels left.
You knew the following spells:

 Your Spells              Type           Power        Failure   Level  Hunger
a - Infusion              Chrm           #.......     7%          1    N/A
z - Spectral Weapon       Hex/Chrm       #.......     38%         3    N/A
S - Song of Slaying       Chrm           #.......     11%         2    N/A

Your spell library contained the following spells:

 Spells                   Type           Power        Failure   Level  Hunger
 Ozocubu's Armour         Chrm/Ice       #.......     38%         3    N/A
 Regeneration             Chrm/Necr      Unusable     N/A         3    N/A

Dungeon Overview and Level Annotations

Branches:
Dungeon (3/12)

Altars:
Hepliaklqana
Kikubaaqudgha
Makhleb


Innate Abilities, Weirdness & Mutations

You do not eat or drink.
You are immune to poison.
Your flesh is cold resistant. (rC+)
Your body sometimes deteriorates upon taking damage.
You are immune to negative energy. (rN+++)
You are immune to unholy pain and torment.
You can survive without breathing.
When hurt, damage is shared between your health and your magic reserves.
Your movements are slightly less encumbered by armour. (ER -2)
Casting spells heals you.


Message History

The orc hits you but does no damage.
You closely miss the hobgoblin.
The hobgoblin is heavily wounded.
The hobgoblin barely misses you.
The orc wizard mumbles some strange words.
The orc wizard seems to speed up.
The orc closely misses you.
You hit the hobgoblin but do no damage.
The hobgoblin is heavily wounded.
The orc wizard casts a spell at you. You resist with some effort.
The hobgoblin hits you but does no damage.
The orc hits you with a cursed +0 falchion.
* * * LOW HITPOINT WARNING * * *
The orc wizard hits you but does no damage.
You closely miss the hobgoblin.
The hobgoblin is heavily wounded.
The hobgoblin barely misses you.
The orc wizard gestures at you while chanting.
The magic dart hits you.
You die...

#.###.###.....#
###.######...#
.............##
#............#
###########>##
###.#.#.#.#.#..# # #.#
#...#.#.#.#.#..# #.#
#.#.#.#.#.#.#..# ##+##
#.#.#^#.#.#.#..# ##
##...###.#.#.#.#.#.#.## .##
##.....##g#...........#
..##
##.......#@####.##..####
...####.......Soo###...#.##
......'.................<#
...####..................#
..## ##.......######.##.#
.## ##.....## ####.# .##
##...## #.# ..# ##'##
####.### ..# #.# #).....#


You could see an orc wizard, an adder, an orc and a hobgoblin.

Vanquished Creatures
  An orc priest (D:3)
  A dart slug (D:3)
  8 leopard geckos
  An orc (D:2)
  2 giant cockroaches
  6 goblins
  5 hobgoblins
  5 jackals (D:2)
  A quokka (D:2)
  2 ball pythons (D:1)
  5 bats
  3 frilled lizards
  8 kobolds
  2 rats (D:1)
50 creatures vanquished.

Notes
Turn   | Place    | Note
-------+----------+-------------------------------------------
     0 | D:1      | hurricos the Skeleton Skald began the quest for the Orb.
     0 | D:1      | Reached XP level 1. HP: 12/12 MP: 4/4
    46 | D:1      | Reached skill level 3 in Maces & Flails
   153 | D:1      | Reached XP level 2. HP: 15/17 MP: 6/6
   157 | D:1      | Learned a level 2 spell: Song of Slaying
   643 | D:1      | Reached skill level 4 in Maces & Flails
  1146 | D:2      | Reached XP level 3. HP: 10/21 MP: 2/7
  1216 | D:2      | Learned a level 3 spell: Spectral Weapon
  1236 | D:2      | Found an ancient bone altar of Kikubaaqudgha.
  2011 | D:2      | Found a hazy altar of Hepliaklqana.
  2035 | D:2      | Reached skill level 5 in Maces & Flails
  2166 | D:2      | Found a burning altar of Makhleb.
  2168 | D:2      | Noticed an Executioner
  2186 | D:2      | Noticed a ynoxinul
  2186 | D:2      | Noticed a neqoxec
  2467 | D:3      | Got a pitted steel ring
  2468 | D:3      | Identified the ring "Sesiador" {Ice MR- Dex+4} (You found
                  | it on level 3 of the Dungeon)
  2470 | D:3      | Noticed an ogre
  2517 | D:3      | Reached XP level 4. HP: 16/26 MP: 4/8
  2613 | D:2      | HP: 1/26 [orc/cursed +0 falchion (4)]
  2614 | D:2      | Killed from afar by an orc wizard

Skill      XL: |  1  2  3 |
---------------+----------+-----
Maces & Flails | 3 4 5 |  5.6
Fighting       | |  2.0
Short Blades   | |  0.4
Armour         | |  1.1
Dodging        | |  2.0
Spellcasting   | |  3.0
Charms         | |  3.2

Action                   |  1- 3 |  4- 6 || total
-------------------------+-------+-------++-------
Melee: Mace              |   211 |    11 ||   222
       Dagger            |    10 |       ||    10
 Cast: Song of Slaying   |    30 |     2 ||    32
  Use: Scroll            |     2 |       ||     2
Armor: Leather armour    |    71 |    12 ||    83
Dodge: Dodged            |   196 |    22 ||   218
Block: Other             |    28 |       ||    28
